 Dungeon Crawl Stone Soup version 0.31.0-9-g3a7656b989 (webtiles) character file.

Game seed: 17573003708585504564

667 qw the Skirmisher (level 7, -8/40 HPs)
             Began as a Deep Elf Hunter on Feb 2, 2024.
             Mangled by an ogre
             ... wielding a +0 giant spiked club
              (19 damage)
             ... on level 5 of the Dungeon.
             The game lasted 00:00:17 (2994 turns).

qw the Skirmisher (Deep Elf Hunter)                 Turns: 2994, Time: 00:00:17

Health: -8/40      AC:  9    Str: 10    XL:     7   Next: 31%
Magic:  0/9        EV: 11    Int: 14    God:
Gold:   439        SH:  0    Dex: 18    Spells: 6/6 levels left

rFire   . . .        a - +2 shortbow
rCold   + . .        (shield currently unavailable)
rNeg    . . .        g - +1 ring mail {rC+}
rPois   .            n - +2 hat
rElec   .            (no cloak)
rCorr   .            (no gloves)
SInv    .            c - +0 pair of boots
Will    .....        f - amulet of guardian spirit
Stlth   +            (no ring)
HPRegen 0.26/turn    (no ring)
MPRegen 0.11/turn

%: guardian spirit
@: no status effects
A: no striking features
a: no special abilities


You were on level 5 of the Dungeon.
You visited 1 branch of the dungeon, and saw 5 of its levels.
You also visited: Ossuary.

You collected 439 gold pieces.


   Skills:
 - Level 2.1 Fighting
 + Level 11.1 Ranged Weapons
 - Level 1.0 Armour
 - Level 3.0 Dodging
 - Level 1.2 Stealth


You had 6 spell levels left.
You didn't know any spells.
Your spell library was empty.

Inventory:

Hand Weapons
 a - a +2 shortbow (weapon)
Armour
 c - a +0 pair of boots (worn)
 g - a +1 ring mail of cold resistance (worn)
 n - a +2 hat (worn)
Jewellery
 f - an amulet of guardian spirit (around neck)
Wands
 k - a wand of paralysis (10)
Potions
 b - 2 potions of cancellation
 e - 2 potions of mutation
 h - 5 potions of curing
 j - a potion of haste
 p - a potion of enlightenment {unknown}

Dungeon Overview and Level Annotations

Branches:
Dungeon (5/15)            Ossuary (visited)
 Temple: D:4-7

Altars:

Annotations:
D:4 2 transporters


Message History

The gnoll attacks as it pursues you! The gnoll barely misses you.
Items here: %% ) [.
You shoot an arrow. The arrow hits the gnoll!
The gnoll is severely wounded.
The gnoll hits you but does no damage.
You shoot an arrow. The arrow hits the gnoll.
You kill the gnoll!
You shoot an arrow. The arrow hits the gnoll!
The gnoll is severely wounded.
The orc hits you but does no damage.
You shoot an arrow. The arrow hits the gnoll.
You kill the gnoll!
The orc barely misses you. The gnoll hits you with a +0 club.
You shoot an arrow. The arrow hits the gnoll!
You kill the gnoll!
The orc hits you but does no damage.
You shoot an arrow. The arrow closely misses the orc.
The arrow hits the ogre.
The ogre is lightly wounded.
The orc hits you with a +0 hand axe.
You shoot an arrow. The arrow barely misses the orc.
The arrow hits the ogre!
The ogre is moderately wounded.
The orc hits you but does no damage.
You shoot an arrow.
The arrow hits the orc but does no damage.
The orc misses you.
You shoot an arrow. The arrow hits the orc.
The orc is lightly wounded.
The orc hits you with a +0 hand axe.
You shoot an arrow. The arrow hits the orc!
You kill the orc!
The orc barely misses you.
You shoot an arrow.
The arrow hits the ogre but does no damage.
The ogre is moderately wounded.
The orc hits you but does no damage. The ogre barely misses you.
You shoot an arrow. The arrow hits the ogre.
The ogre is heavily wounded.
The orc hits you with a +0 dagger.
The ogre hits you with a +0 giant spiked club!!
You die...

###### #....##
##.#...##
###.......##
#)o...7.7..##
#@#.g.......#
#O#.7.....7.#
#.!....o.g...<....#
#........#.......##
#........##.....##
#.........#######
...........
#..#......#
...#......#


You could see an ogre and 2 orcs.

Vanquished Creatures
  Sigmund (D:2)
  A scorpion (D:4)
  A howler monkey (D:4)
  A hound (D:4)
  A gnoll bouda (D:5)
  Natasha (D:2)
  Terence (D:2)
  2 iguanas
  8 mummies (Ossuary)
  3 gnolls (D:5)
  3 adders
  4 ribbon worms
  2 dart slugs (D:3)
  2 orcs
  8 bats
  4 endoplasms
  3 giant cockroaches
  8 goblins
  10 hobgoblins
  4 quokkas (D:1)
  4 ball pythons
  4 frilled lizards
  A gnoll zombie (Ossuary)
  2 hobgoblin zombies (Ossuary)
  12 kobolds
  A kobold zombie (Ossuary)
  4 orc zombies (Ossuary)
  A rat (D:3)
97 creatures vanquished.

Notes
Turn   | Place    | Note
-------+----------+-------------------------------------------
     0 | D:1      | qw the Deep Elf Hunter began the quest for the Orb.
     0 | D:1      | Reached XP level 1. HP: 12/12 MP: 3/3
     0 | D:1      | 0 ||| qw: Version: 0.3-a-155-g5e7d8dd
     0 | D:1      | 0 ||| qw: Game counter: 1731
     0 | D:1      | 0 ||| qw: Melee chars always use a shield: true
     0 | D:1      | 0 ||| qw: God list: Okawaru
     0 | D:1      | 0 ||| qw: Allow faded altars: false
     0 | D:1      | 0 ||| qw: Do Orc after clearing Dungeon:15 true
     0 | D:1      | 0 ||| qw: Do second Lair branch before Depths: true
     0 | D:1      | 0 ||| qw: Lair rune preference: random
     0 | D:1      | 0 ||| qw: Goals: Normal
     0 | D:1      | 0 ||| PLANNING D:1-11
    18 | D:1      | HP: 3/12 [kobold/+0 whip (3)]
   122 | D:1      | Reached skill level 6 in Ranged Weapons
   122 | D:1      | Reached XP level 2. HP: 16/16 MP: 4/4
   514 | D:1      | 514 ||| UPGRADING to +0 ring mail.
   524 | D:1      | 524 ||| DROPPING +0 leather armour.
   525 | D:1      | 525 ||| UPGRADING to amulet of guardian spirit.
   530 | D:1      | 530 ||| READING scroll labelled DUGAEQAE PAREY.
   531 | D:1      | 531 ||| READING scroll labelled VOQEIR HIUNOPN.
   532 | D:1      | 532 ||| READING scroll labelled RULAIM VUBAG.
   533 | D:1      | 533 ||| DROPPING scroll of butterflies.
   647 | D:2      | Found a faded altar of an unknown god.
   721 | D:2      | Noticed Sigmund
   726 | D:2      | 726 ||| DRINKING orange potion.
   730 | D:2      | 730 ||| FLEEEEING.
   731 | D:2      | 731 ||| FLEEEEING.
   732 | D:2      | 732 ||| FLEEEEING.
   733 | D:2      | 733 ||| FLEEEEING.
   734 | D:2      | 734 ||| FLEEEEING.
   735 | D:2      | 735 ||| FLEEEEING.
   736 | D:2      | 736 ||| FLEEEEING.
   743 | D:2      | Killed Sigmund
   744 | D:2      | Reached skill level 8 in Ranged Weapons
   744 | D:2      | Reached XP level 3. HP: 20/20 MP: 5/5
   744 | D:2      | Reached XP level 4. HP: 25/25 MP: 6/6
   744 | D:2      | Reached XP level 5. HP: 29/29 MP: 7/7
   794 | D:2      | Noticed Terence
   806 | D:2      | Killed Terence
   807 | D:2      | Reached skill level 9 in Ranged Weapons
   808 | D:2      | HP: 6/29 [kobold/+0 whip (2)]
  1239 | D:2      | Noticed Natasha
  1250 | D:2      | Killed Natasha
  1430 | D:2      | 1430 ||| UPGRADING to +0 pair of boots.
  1435 | D:2      | 1435 ||| READING scroll labelled BAIKEJ DOTZYES.
  1435 | D:2      | 1435 ||| ENCHANTING +0 shortbow.
  1436 | D:2      | 1436 ||| READING scroll labelled RUNAUTZI VEPTY.
  1436 | D:2      | 1436 ||| IDENTIFYING black potion
  1627 | D:3      | Reached XP level 6. HP: 35/35 MP: 8/8
  1830 | D:3      | 1830 ||| READING scroll of enchant weapon.
  1830 | D:3      | 1830 ||| ENCHANTING +1 shortbow.
  2051 | D:3      | 2051 ||| UPGRADING to +1 ring mail of cold resistance.
  2061 | D:3      | 2061 ||| DROPPING +0 ring mail.
  2062 | D:3      | 2062 ||| UPGRADING to +2 hat.
  2067 | D:3      | 2067 ||| READING scroll of identify.
  2067 | D:3      | 2067 ||| IDENTIFYING green potion
  2068 | D:3      | 2068 ||| READING scroll labelled USYUHUE NINAME.
  2069 | D:3      | 2069 ||| DROPPING potion of magic.
  2091 | D:4      | Found a transporter.
  2092 | D:4      | 2092 ||| PLANNING OSSUARY
  2129 | D:4      | Reached skill level 10 in Ranged Weapons
  2157 | D:4      | Found a sand-covered staircase.
  2163 | Ossuary  | Entered an ossuary
  2199 | Ossuary  | Reached skill level 3 in Dodging
  2247 | Ossuary  | Reached skill level 1 in Armour
  2367 | Ossuary  | 2367 ||| READING scroll of identify.
  2367 | Ossuary  | 2367 ||| IDENTIFYING grey potion
  2368 | Ossuary  | 2368 ||| READING scroll labelled OWEULA GOWEQE.
  2373 | Ossuary  | 2373 ||| DRINKING 3 fuming green potions.
  2374 | Ossuary  | 2374 ||| DRINKING 2 silvery potions.
  2375 | Ossuary  | 2375 ||| DRINKING 2 coppery potions.
  2376 | Ossuary  | 2376 ||| DRINKING 2 brown potions.
  2446 | Ossuary  | 2446 ||| DROPPING potion of brilliance.
  2447 | Ossuary  | 2447 ||| DROPPING potion of degeneration.
  2448 | Ossuary  | 2448 ||| DROPPING potion of lignification.
  2454 | D:4      | 2454 ||| PLANNING D:1-11
  2508 | D:4      | Reached XP level 7. HP: 40/40 MP: 9/9
  2525 | D:4      | HP: 10/40 [iguana (4)]
  2532 | D:4      | 2532 ||| FLEEEEING.
  2536 | D:4      | 2536 ||| FLEEEEING.
  2537 | D:4      | 2537 ||| FLEEEEING.
  2720 | D:4      | Found a transporter.
  2931 | D:4      | 2931 ||| READING scroll labelled SOEBUR ENAMY.
  2932 | D:4      | 2932 ||| DRINKING 2 gluggy blue potions.
  2949 | D:5      | Entered Level 5 of the Dungeon
  2950 | D:5      | 2950 ||| RETREEEEATING.
  2951 | D:5      | 2951 ||| RETREEEEATING.
  2952 | D:5      | 2952 ||| RETREEEEATING.
  2953 | D:5      | 2953 ||| RETREEEEATING.
  2954 | D:5      | 2954 ||| RETREEEEATING.
  2955 | D:5      | 2955 ||| RETREEEEATING.
  2956 | D:5      | 2956 ||| RETREEEEATING.
  2957 | D:5      | 2957 ||| RETREEEEATING.
  2958 | D:5      | 2958 ||| RETREEEEATING.
  2959 | D:5      | 2959 ||| RETREEEEATING.
  2960 | D:5      | 2960 ||| RETREEEEATING.
  2961 | D:5      | 2961 ||| RETREEEEATING.
  2965 | D:5      | 2965 ||| RETREEEEATING.
  2966 | D:5      | 2966 ||| RETREEEEATING.
  2967 | D:5      | 2967 ||| RETREEEEATING.
  2968 | D:5      | 2968 ||| RETREEEEATING.
  2969 | D:5      | 2969 ||| RETREEEEATING.
  2970 | D:5      | 2970 ||| RETREEEEATING.
  2971 | D:5      | 2971 ||| RETREEEEATING.
  2972 | D:5      | 2972 ||| RETREEEEATING.
  2973 | D:5      | 2973 ||| RETREEEEATING.
  2974 | D:5      | 2974 ||| RETREEEEATING.
  2975 | D:5      | 2975 ||| RETREEEEATING.
  2975 | D:5      | HP: 8/40 [iguana (7)]
  2976 | D:5      | 2976 ||| DRINKING potion of heal wounds.
  2977 | D:5      | 2977 ||| RETREEEEATING.
  2978 | D:5      | 2978 ||| RETREEEEATING.
  2979 | D:5      | 2979 ||| RETREEEEATING.
  2980 | D:5      | 2980 ||| RETREEEEATING.
  2981 | D:5      | 2981 ||| RETREEEEATING.
  2982 | D:5      | Reached skill level 11 in Ranged Weapons
  2982 | D:5      | 2982 ||| RETREEEEATING.
  2994 | D:5      | Mangled by an ogre

Levels and vault maps discovered:
D:1:      ldierk_walled_garden_2, layout_rooms
D:2:      wander_river, layout_basic, shapermc_ecumenical_altar_hornbeckon,
          corexii_item_surrounded_by_moat, nrook_campfire, uniq_terence,
          uniq_natasha, uniq_sigmund
D:3:      layout_loops_cross
D:4:      gammafunk_steamed_eel, layout_rooms, enter_ossuary_2
D:5:      old_forge, layout_basic, amcnicky_altar_gilded,
          minmay_temple_entry_tees, grunt_ministairs_9

Skill      XL: |  1  2  3  4  5  6  7 |
---------------+----------------------+-----
Ranged Weapons | 6 8 9 10 11 | 11.1
Fighting       | 2 |  2.1
Dodging        | 3 |  3.0
Armour         | 1 |  1.0
Stealth        | |  1.2

Action                     |  1- 3 |  4- 6 |  7- 9 || total
---------------------------+-------+-------+-------++-------
   Fire: Shortbow          |    88 |   193 |    70 ||   351
    Use: Scroll            |     3 |     7 |     1 ||    11
         Potion            |     1 |     4 |     2 ||     7
 Armour: Leather armour    |     7 |       |       ||     7
         Ring mail         |     9 |    35 |    82 ||   126
  Dodge: Dodged            |    20 |    30 |    59 ||   109

Table legend:
 A = Non-vault XP
 B = Vault XP
 C = Vault XP percentage of total XP
 D = Non-vault monster count
 E = Vault monster count
 F = Vault count percentage of total count
                 A         B        C        D         E       F
            +---------+---------+-------+---------+---------+-------
      Total |     383 |     571 |  59.9 |      73 |      24 |  24.7
            +---------+---------+-------+---------+---------+-------
        D:1 |      32 |       0 |   0.0 |      20 |       0 |   0.0
        D:2 |      24 |     298 |  92.5 |      15 |       3 |  16.7
        D:3 |      53 |       0 |   0.0 |      22 |       0 |   0.0
        D:4 |     258 |       0 |   0.0 |      14 |       0 |   0.0
        D:5 |      16 |     120 |  88.2 |       2 |       5 |  71.4
    Ossuary |       0 |     153 | 100.0 |       0 |      16 | 100.0
            +---------+---------+-------+---------+---------+-------
